 Dungeon Crawl Stone Soup version 0.23-a0-169-gb21e695 (webtiles) character file.

135 Amnesiac the Chiller (level 4, -3/30 HPs)
             Began as a Mummy Ice Elementalist on Sept 11, 2018.
             Was a Follower of Vehumet.
             Slain by Sigmund
             ... wielding a +0 scythe
              (5 damage)
             ... on level 2 of the Dungeon.
             The game lasted 00:03:44 (1890 turns).

Amnesiac the Chiller (Mummy Ice Elementalist)       Turns: 1890, Time: 00:03:45

Health: -3/30      AC:  3    Str: 11    XL:     4   Next: 97%
Magic:  4/10       EV: 12    Int: 15    God:    Vehumet [*.....]
Gold:   148        SH:  0    Dex: 12    Spells: 8/11 levels left

rFire    x . .     SeeInvis .   a - +1 short sword (speed)
rCold    + . .     Gourm    .   (no shield)
rNeg     + + +     Faith    .   h - +0 robe
rPois    ∞         Spirit   .   (no helmet)
rElec    .         Reflect  .   (no cloak)
rCorr    .         Harm     .   (no gloves)
MR       .....                  e - +0 pair of boots
Stlth    ++........             (no amulet)
HPRegen  0.10/turn              (no ring)
MPRegen  0.12/turn              (no ring)

@: no status effects
A: no food or potions, fire vulnerability, cold resistance 1, negative energy
resistance 3, torment resistance, unbreathing
a: Renounce Religion


You were on level 2 of the Dungeon.
You worshipped Vehumet.
Vehumet was aware of your devotion.
You were not hungry.

You visited 1 branch of the dungeon, and saw 3 of its levels.

You collected 148 gold pieces.

Inventory:

Hand Weapons
 a - a +1 short sword of speed (weapon)
 b - a +0 hunting sling
Missiles
 f - 16 stones (quivered)
Armour
 e - a +0 pair of boots (worn)
 h - a +0 robe (worn)
Scrolls
 c - a scroll of blinking {!r}
 d - a scroll of noise {!r, unknown}
 g - a scroll of fog {!r}


   Skills:
 - Level 1.5 Dodging
 - Level 1.5 Stealth
 + Level 4.1 Spellcasting
 - Level 0.7 Conjurations
 * Level 4.1 Ice Magic


You had 8 spell levels left.
You knew the following spells:

 Your Spells              Type           Power        Failure   Level  Hunger
a - Freeze                Ice            ###.         3%          1    N/A
e - Throw Frost           Conj/Ice       ##....       10%         2    N/A

Your spell library contained the following spells:

 Spells                   Type           Power        Failure   Level  Hunger
 Magic Dart               Conj           #...         13%         1    N/A
 Ozocubu's Armour         Chrm/Ice       #.......     22%         3    N/A
 Throw Icicle             Conj/Ice       ##......     54%         4    N/A
 Summon Ice Beast         Ice/Summ       #.......     58%         4    N/A

Dungeon Overview and Level Annotations

Branches:
Dungeon (3/15)

Altars:
Hepliaklqana
Vehumet

Annotations:
D:2 Sigmund


Innate Abilities, Weirdness & Mutations

You do not eat or drink.
Your flesh is vulnerable to fire.
You are immune to poison.
Your flesh is cold resistant. (rC+)
You are immune to negative energy. (rN+++)
You are immune to unholy pain and torment.
You can survive without breathing.


Message History

You start resting.
HP restored.
You start resting.
Magic restored.
f - 16 stones Sigmund is too close now for your liking.
Sigmund is nearby!
Sigmund is nearby!
Sigmund is nearby!
Sigmund shouts!
There is a stone staircase leading down here.
You start resting.
Sigmund is too close now for your liking.
Sigmund hits you with a scythe.
Casting: Freeze (safe; 3% risk of failure)
Confirm with . or Enter, or press ? or * to list all spells.
Aiming: Freeze (safe; 3% risk of failure)
Press: ? - help, Shift-Dir - straight line, f - Sigmund
Aim: Sigmund, wielding a scythe and wearing a robe You freeze Sigmund.
Sigmund is lightly wounded.
Casting: Freeze (safe; 3% risk of failure)
Confirm with . or Enter, or press ? or * to list all spells.
Aiming: Freeze (safe; 3% risk of failure)
Press: ? - help, Shift-Dir - straight line, f/p - Sigmund
Aim: Sigmund, wielding a scythe and wearing a robe (lightly wounded)
You freeze Sigmund.
Sigmund is moderately wounded.
Sigmund misses you.
Casting: Freeze (safe; 3% risk of failure)
Confirm with . or Enter, or press ? or * to list all spells.
Aiming: Freeze (safe; 3% risk of failure)
Press: ? - help, Shift-Dir - straight line, f/p - Sigmund
Aim: Sigmund, wielding a scythe and wearing a robe (moderately wounded)
You freeze Sigmund.
Sigmund is severely wounded.
Sigmund hits you with a scythe!
* * * LOW HITPOINT WARNING * * *
Casting: Freeze (safe; 3% risk of failure)
Confirm with . or Enter, or press ? or * to list all spells.
Aiming: Freeze (safe; 3% risk of failure)
Press: ? - help, Shift-Dir - straight line, f/p - Sigmund
Aim: Sigmund, wielding a scythe and wearing a robe (severely wounded)
You freeze Sigmund.
Sigmund is severely wounded.
Casting: Freeze (safe; 3% risk of failure)
Confirm with . or Enter, or press ? or * to list all spells.
Aiming: Freeze (safe; 3% risk of failure)
Press: ? - help, Shift-Dir - straight line, f/p - Sigmund
Aim: Sigmund, wielding a scythe and wearing a robe (severely wounded)
You freeze Sigmund.
Sigmund is severely wounded.
Sigmund points at you and mumbles some strange words.
The puff of flame hits you! The fire burns you terribly!
* * * LOW HITPOINT WARNING * * *
Casting: Freeze (safe; 3% risk of failure)
Confirm with . or Enter, or press ? or * to list all spells.
Aiming: Freeze (safe; 3% risk of failure)
Press: ? - help, Shift-Dir - straight line, f/p - Sigmund
Aim: Sigmund, wielding a scythe and wearing a robe (severely wounded)
You freeze Sigmund.
Sigmund is almost dead.
Sigmund hits you with a scythe.
You die...

#.##...............#.##...##
#.#.....................###
#.#................####.####
##.#................# #.....
#...................# ######
#..................## ####...
#........(........## ##....##
###......(####@###.#####..####
##........(# ##@###.......##
##...<......###>...†.#######
#.........).()..#.##.#
#...........#####....##
#...........# ####..#
#.........#.########.†###
#.........#.......###...#
##.......##.......# #...# ##
#.........#.......###...########.


You could see Sigmund.

Vanquished Creatures
  Terence (D:2)
  Natasha (twice) (D:2)
  2 adders (D:2)
  2 dart slugs
  2 leopard geckos
  An orc (D:2)
  4 bats
  3 giant cockroaches (D:1)
  4 goblins
  5 hobgoblins
  2 jackals (D:2)
  3 frilled lizards
  4 kobolds
  A rat (D:1)
36 creatures vanquished.

Vanquished Creatures (others)
  A rat (D:2)
1 creature vanquished.

Grand Total: 37 creatures vanquished

Notes
Turn   | Place    | Note
-------+----------+-------------------------------------------
     0 | D:1      | Amnesiac the Mummy Ice Elementalist began the quest for the
                  | Orb.
     0 | D:1      | Reached XP level 1. HP: 13/13 MP: 4/4
   168 | D:3      | Noticed an orc wizard
   178 | D:3      | Reached XP level 2. HP: 13/19 MP: 1/5
   572 | D:2      | Learned a level 2 spell: Throw Frost
   624 | D:3      | Found a radiant altar of Vehumet.
   624 | D:3      | Found a hazy altar of Hepliaklqana.
   629 | D:3      | Became a worshipper of Vehumet
   761 | D:1      | Reached XP level 3. HP: 8/24 MP: 3/7
  1146 | D:2      | Noticed Sigmund
  1146 | D:2      | Noticed Terence
  1419 | D:2      | Killed Terence
  1419 | D:2      | Reached XP level 4. HP: 17/30 MP: 0/9
  1596 | D:2      | Noticed Natasha
  1616 | D:2      | Reached * piety under Vehumet
  1616 | D:2      | Offered knowledge of Magic Dart by Vehumet.
  1622 | D:2      | Killed Natasha
  1815 | D:2      | Noticed Natasha
  1822 | D:2      | Killed Natasha
  1890 | D:2      | Slain by Sigmund

Vault maps used:
D:1:      scummos_arrival_simple_crosswalls
D:2:      corexii_leaking_fountain, uniq_natasha, uniq_sigmund, uniq_terence
D:3:      gammafunk_temple_overflow_wave, gammafunk_temple_overflow_statue

Skill      XL: |  1  2  3  4 |
---------------+-------------+-----
Ice Magic      | 3 4 |  4.1
Spellcasting   | 3 4 |  4.1
Dodging        | |  1.5
Stealth        | |  1.5
Conjurations   | |  0.7

Action                   |  1- 3 |  4- 6 || total
-------------------------+-------+-------++-------
Melee: Mace              |    13 |       ||    13
       Short sword       |       |     5 ||     5
 Cast: Freeze            |    49 |    23 ||    72
       Throw Frost       |     3 |       ||     3
  Use: Scroll            |       |     4 ||     4
 Stab: Sleeping          |     1 |       ||     1
Armor: Robe              |    14 |     1 ||    15
Dodge: Dodged            |    52 |     8 ||    60

Table legend:
 A = Non-vault XP
 B = Vault XP
 C = Vault XP percentage of total XP
 D = Non-vault monster count
 E = Vault monster count
 F = Vault count percentage of total count
                 A         B        C        D         E       F
            +---------+---------+-------+---------+---------+-------
      Total |     123 |      71 |  36.6 |      34 |       2 |   5.6
            +---------+---------+-------+---------+---------+-------
        D:1 |      33 |       0 |   0.0 |      17 |       0 |   0.0
        D:2 |      85 |      71 |  45.5 |      14 |       2 |  12.5
        D:3 |       5 |       0 |   0.0 |       3 |       0 |   0.0
            +---------+---------+-------+---------+---------+-------
